Cogmind - Beta 10.2 @@@ ROGUE MODE // 2021.06.29 @ 16:26:17 Player: Kenzurith Result: Destroyed by Y-72 Warden with Railgun Performance ------------- Evolutions (9) 4500 Regions Visited (23) 4600 Robots Destroyed (366) 1830 Value Destroyed (20326) 20326 Prototype IDs (54) 1080 Alien Tech Used (1) 200 Bonus (15295) 15295 TOTAL SCORE: 47831 Bonus ------- Triggered High Security 500 High Alert Combat Kills 9910 Follower Combat Kills 3483 Met Imprinter 300 Was Imprinted 300 Met Warlord at Base 500 MAIN.C Attacked Warlord 500 Warlord Defense Kill 492 Met R17 at Cetus 500 Scanned by Researcher 500 Friendly Fire -1690 Cogmind --------- Core Integrity 0/1600 Matter 111/300 Energy 100/100 System Corruption 11% Temperature Cool (0) Movement Core (50) Location -1/Access Parts ------- > --- POWER (2) -------- (None) > --- PROPULSION (6) --- Improved Gyrokinetic Inverter > --- UTILITY (14) ----- (None) > --- WEAPON (4) ------- (None) > --- INVENTORY (4) ---- Particle Reactor Point Defense Array KE Penetrator Plasma Lance Peak State ------------ > --- POWER ------------ Zionite Light DM Reactor Quantum Reactor > --- PROPULSION ------- Armored Heavy Treads Biometal Heavy Treads Biometal Heavy Treads > --- UTILITY ---------- Experimental Cooling System Experimental Coolant Injector Large Storage Unit High-capacity Storage Unit Advanced Signal Interpreter Experimental Target Analyzer Improved Core Analyzer Improved Kinecellerator Zionite Weapon Casing Zionite Weapon Casing Centrium Heavy Armor Plating Zionite Shade Armor Zionite Shade Armor > --- WEAPON ----------- Improved KE Penetrator Improved KE Penetrator Helical Railgun Hypervelocity Multirail > --- INVENTORY -------- Vortex Chain Reactor Armored Heavy Treads Centrium Heavy Treads Experimental Matter Compressor Makeshift Sensor Array Zionite Shade Armor Thermal Barrier EM Dispersion Field Point Defense Array Potential Cannon KE Penetrator KE Penetrator Z-bomb Delivery System Plasma Lance [Rating: 221] Favorites ----------- Power Quantum Reactor Engine Ion Engine Power Core Micro Nuclear Core Reactor Quantum Reactor Propulsion Centrium Heavy Treads Treads Centrium Heavy Treads Leg Flexi-carbon Leg Hover Unit Improved Gravmag System Utility Large Storage Unit Device Experimental Heat Sink Storage Large Storage Unit Processor Advanced Signal Interpreter Protection Centrium Medium Armor Plating Weapon Improved KE Penetrator Energy Gun Beam Rifle Energy Cannon Heavy Ion Cannon Ballistic Gun Improved KE Penetrator Ballistic Cannon Bore Cannon Launcher Grenade Launcher Piercing Weapon CR-A16's Pointy Stick Build | -11 -10 -10 -9 -9 -7 -6 -6 -6 -6 -6 -6 -6 -6 -5 -5 -5 -5 -4 -4 -3 -3 -2 -1 ------- Run | Scr Mat Min Mat Min Zio Pro Fac Was Fac Ext Cet Arc Hub Fac Upp Upp War Pro Fac Res Tes Res Acc Slots Evolved 18 | . . . 2 . . . 6 . . . . . . 2 . . . . 2 2 . 2 2 Power 1 | . . . . . . . . . . . . . . . . . . . 1 . . . . Propulsion 4 | . . . 1 . . . 1 . . . . . . . . . . . . 2 . . . Utility 11 | . . . 1 . . . 4 . . . . . . 1 . . . . 1 . . 2 2 Weapon 2 | . . . . . . . 1 . . . . . . 1 . . . . . . . . . Parts Attached 389 | . 9 1 15 . 1 17 22 10 8 20 23 . 2 11 10 9 8 8 1 20 71 51 72 Power 26 | . . . 3 . . 2 1 . . 1 5 . . . . . . 1 . 1 3 4 5 Engine 5 | . . . 3 . . 2 . . . . . . . . . . . . . . . . . Core 3 | . . . . . . . 1 . . 1 . . . . . . . . . . . . 1 Reactor 18 | . . . . . . . . . . . 5 . . . . . . 1 . 1 3 4 4 Propulsion 54 | . 2 1 6 . . 8 6 2 5 2 2 . . . . 1 . . . 7 3 2 7 Treads 38 | . 2 1 4 . . 8 2 . . . 2 . . . . 1 . . . 7 3 2 6 Leg 8 | . . . 2 . . . 3 2 1 . . . . . . . . . . . . . . Wheel . | . . . . . . . . . . . . . . . . . . . . . . . . Hover 8 | . . . . . . . 1 . 4 2 . . . . . . . . . . . . 1 Flight . | . . . . . . . . . . . . . . . . . . . . . . . . Utility 202 | . 4 . 2 . . . 11 . 1 13 6 . 1 8 4 6 6 7 1 6 37 41 48 Device 131 | . 2 . 2 . . . 7 . 1 8 2 . . 3 1 4 3 4 . 4 28 31 31 Storage 11 | . 2 . . . . . 1 . . 1 . . 1 1 . . 1 . . 1 2 . 1 Processor 19 | . . . . . . . 3 . . 2 . . . . . 1 . . 1 . 4 4 4 Hackware . | . . . . . . . . . . . . . . . . . . . . . . . . Protection 41 | . . . . . . . . . . 2 4 . . 4 3 1 2 3 . 1 3 6 12 Artifact . | . . . . . . . . . . . . . . . . . . . . . . . . Weapon 107 | . 3 . 4 . 1 7 4 8 2 4 10 . 1 3 6 2 2 . . 6 28 4 12 Energy Gun 13 | . 1 . 2 . . 2 1 . 1 . 2 . . . . . 1 . . 1 2 . . Energy Cannon 4 | . . . . . 1 . . . . . . . . . . . . . . . 2 . 1 Ballistic Gun 64 | . 2 . 2 . . 2 2 4 1 2 8 . 1 2 3 1 1 . . 3 18 4 8 Ballistic Cannon 6 | . . . . . . 2 . 1 . 1 . . . . . . . . . . 1 . 1 Launcher 7 | . . . . . . . 1 2 . 1 . . . . 1 . . . . . 2 . . Special Weapon . | . . . . . . . . . . . . . . . . . . . . . . . . Impact Weapon . | . . . . . . . . . . . . . . . . . . . . . . . . Slashing Weapon . | . . . . . . . . . . . . . . . . . . . . . . . . Piercing Weapon 13 | . . . . . . 1 . 1 . . . . . 1 2 1 . . . 2 3 . 2 Special Melee Weapon . | . . . . . . . . . . . . . . . . . . . . . . . . Unidentified Prototypes 55 | . . . 1 . . . 1 1 3 3 6 . 1 2 1 . 3 . . 2 25 1 5 Parts Lost 70 | . 1 1 3 . . 15 7 . . 3 1 . 1 . . 2 . 2 . . 2 1 31 Power 7 | . . . . . . 2 1 . . 1 . . . . . . . . . . . . 3 Propulsion 23 | . . 1 1 . . 7 3 . . 1 . . . . . 1 . . . . . . 9 Utility 22 | . . . . . . 1 2 . . . 1 . . . . 1 . 2 . . 1 1 13 Weapon 18 | . 1 . 2 . . 5 1 . . 1 . . 1 . . . . . . . 1 . 6 Highest Loss Streak 18 | . 1 1 2 . . 9 3 . . 1 1 . 1 . . 1 . 2 . . 2 1 18 Average Slot Usage (%) 87 | . 99 100 98 100 100 93 73 100 99 100 86 86 85 88 87 87 87 87 85 87 83 80 79 Engine 2 | . 14 14 11 11 11 10 2 . . . . . . . . . . . . . . . . Reactor 4 | . . . . . . . . . . . 5 6 6 5 5 5 5 5 5 8 9 8 6 Treads 14 | . 26 28 27 33 33 30 13 5 . . 12 13 13 11 11 11 11 11 10 15 12 12 10 Leg 1 | . 1 . 5 . . . 4 20 22 . . . . . . . . . . . . . . Device 12 | . 10 . 11 11 11 8 15 20 20 13 14 13 13 14 12 14 10 10 10 12 10 9 15 Storage 12 | . 17 28 22 22 22 22 11 13 13 17 13 13 13 11 11 11 11 11 10 9 9 8 6 Processor 9 | . . . . . . . 5 13 13 13 13 13 13 11 11 11 11 11 15 13 15 15 11 Protection 6 | . . . . . . . . . . 2 5 6 6 7 9 12 16 16 15 9 6 7 11 Energy Gun 1 | . 20 . 3 11 5 1 1 . . . . . . . . . . . . . . . . Ballistic Gun 16 | . 7 28 18 11 11 10 7 . 19 19 19 20 19 22 21 19 21 22 20 15 16 16 14 Naked Turns 28 | . . . . . . . . . . . . . . . . . . . . . . . 28 Heaviest Build 164 | 12 39 39 44 44 48 52 54 59 61 65 79 78 94 109 107 114 114 114 114 136 151 164 159 Greatest Support 235 | 20 40 40 60 60 60 68 68 80 80 64 160 160 160 160 160 160 160 160 160 235 230 210 215 Greatest Overweight (x) 4 | . . . 4 . . 1 1 . 1 1 . . . . . . . . . 1 . . . Average Overweight (x) . | . . . . . . . . . . . . . . . . . . . . . . . . Largest Inventory Capacity 18 | . 16 16 16 16 16 16 16 16 16 16 16 16 18 18 18 18 18 18 18 18 18 18 18 Average Capacity 16 | . 9 16 16 16 16 16 14 16 16 16 16 16 16 18 18 18 18 18 18 18 18 18 17 Most Carried 18 | . 11 15 16 16 16 16 15 16 16 16 16 16 18 18 18 18 18 18 18 18 18 18 18 Average Carried 16 | . 7 13 15 16 15 14 7 15 15 15 15 16 16 17 18 17 17 17 17 17 17 17 16 Final Capacity 18 | 6 16 16 16 16 16 16 16 16 16 16 16 16 18 18 18 18 18 18 18 18 18 18 4 Final Carried 18 | 6 11 15 16 16 16 7 15 16 16 16 16 16 18 18 18 18 18 18 18 18 18 18 4 Class Distribution -------------------- 30% | Scavenger-Tank 26% | Scavenger-Gunner 20% | Scavenger-Mutant 10% | Scavenger-Skirmisher 8% | Mutant Dominant Class ---------------- Mutant | -10/Materials Mutant | -10/Mines Scavenger-Mutant | -9/Materials Scavenger-Mutant | -9/Mines Scavenger-Mutant | -7/Zion Scavenger-Mutant | -6/Proximity Caves Scavenger-Mutant | -6/Factory Scavenger-Mutant | -6/Waste Scavenger-Gunner | -6/Factory Commander-Skirmisher | -6/Extension Scavenger-Skirmisher | -6/Cetus Scavenger-Skirmisher | -6/Archives Scavenger-Skirmisher | -6/Hub_04(d) Scavenger-Skirmisher | -5/Factory Scavenger-Tank | -5/Upper Caves Scavenger-Tank | -5/Upper Caves Scavenger-Tank | -5/Warlord Scavenger-Tank | -4/Proximity Caves Scavenger-Tank | -4/Factory Scavenger-Tank | -3/Research Scavenger-Gunner | -3/Testing Scavenger-Gunner | -2/Research Scavenger-Gunner | -1/Access Resources | -11 -10 -10 -9 -9 -7 -6 -6 -6 -6 -6 -6 -6 -6 -5 -5 -5 -5 -4 -4 -3 -3 -2 -1 ----------- Run | Scr Mat Min Mat Min Zio Pro Fac Was Fac Ext Cet Arc Hub Fac Upp Upp War Pro Fac Res Tes Res Acc Matter Collected 14835 | 200 65 59 195 . 16 214 221 433 142 653 630 117 43 725 125 314 804 310 26 386 2420 2756 3981 Remotely . | . . . . . . . . . . . . . . . . . . . . . . . . Salvage Created 24559 | . 278 82 231 . . 285 293 302 169 478 597 254 . 1287 167 595 396 818 160 400 2452 4020 11295 Parts 1064 | . 12 4 10 . . 20 13 8 11 24 38 5 . 59 7 18 27 38 4 34 138 181 413 Haulers Intercepted 9 | . 1 . 1 . . . 1 . . . . . . 1 . . . . . . 1 2 2 Recyclers Shooed 10 | . . . . . . . . . . 7 . . . 2 . . . . . . . 1 . Parts Field Recycled . | . . . . . . . . . . . . . . . . . . . . . . . . Retrieved Matter . | . . . . . . . . . . . . . . . . . . . . . . . . Parts Self-Destructed 115 | . . . . . . 8 . . . . . . . . 5 15 73 14 . . . . . Prevented 37 | . . . . . . 14 . . . . . . . . . . 23 . . . . . . Kills | -11 -10 -10 -9 -9 -7 -6 -6 -6 -6 -6 -6 -6 -6 -5 -5 -5 -5 -4 -4 -3 -3 -2 -1 ------- Run | Scr Mat Min Mat Min Zio Pro Fac Was Fac Ext Cet Arc Hub Fac Upp Upp War Pro Fac Res Tes Res Acc Combat Hostiles Destroyed 266 | . 5 2 5 . . 6 4 . . 3 11 3 . 15 6 6 4 11 . 5 25 32 123 Melee 2 | . . . . . . 1 1 . . . . . . . . . . . . . . . . Guns 250 | . 4 2 5 . . 3 3 . . 3 11 3 . 15 2 6 4 11 . 5 23 32 118 Cannons 7 | . . . . . . 2 . . . . . . . . . . . . . . 1 . 4 AOE 5 | . . . . . . . . . . . . . . . 4 . . . . . . . 1 Classes Destroyed 28 | . 2 . 2 . . 3 2 . 1 3 . . . 3 1 . 2 1 . . 3 . 5 Worker 19 | . . . . . . . . . . 1 . . . . . . . . . . 4 5 9 Builder 23 | . . . . . . . . . . . . . . 2 . . . . . . 1 8 12 Tunneler 2 | . . . . . . . . . . 1 . . . . . . . . . . . 1 . Hauler 9 | . 1 . 1 . . . 1 . . . . . . 1 . . . . . . 1 2 2 Recycler 14 | . . . . . . . . . 1 2 . . . 1 . . . . 1 . 2 5 2 Carrier 6 | . . . . . . . . . . . . . . . . . . . . . . . 6 Mechanic 5 | . . . . . . . . . . . . . . . . . . . . . . . 5 Operator 1 | . . . . . . . . . . . . . . . . . . . . . . . 1 Watcher 12 | . . . . . . . . . . . . . . 1 . . . . . . 2 6 3 Swarmer 23 | . . . 1 . . . . . . 2 4 . . 4 4 1 . . . . 2 . 5 Saboteur 3 | . . . . . . . . . . . . . . . . . . . . . . . 3 Grunt 84 | . 5 2 3 . . . . . . . 1 . . 5 1 1 . 3 . . 7 10 46 Brawler 12 | . . . . . . . . . . . . . . . 1 1 . . . . . 1 9 Duelist 11 | . . . . . . . . . . . . . . . . . . . . . . . 11 Protector 6 | . . . . . . 1 . . . . . . . . . . 2 . . . . . 3 Researcher 1 | . . . . . . . . . . . . . . . . . . . . . 1 . . Sentry 20 | . . . 1 . . 1 . . . 1 . 3 . 1 . 1 . . . 1 . 4 7 Demolisher 3 | . . . . . . 3 . . . . . . . . . . . . . . . . . Specialist 1 | . . . . . . . . . . . . . . . . . 1 . . . . . . Hunter 27 | . . . . . . . 2 . . . . . . . . 2 . 2 . . 5 8 8 Programmer 52 | . . . . . . . 2 . . . 1 . . 5 . . 1 . . 3 8 8 24 Behemoth 2 | . . . . . . 1 . . . . . . . . . . . . . . . 1 . Cetus Guard 5 | . . . . . . . . . . . 5 . . . . . . . . . . . . Investigator 1 | . . . . . . . . . . . . . . . . . . . . . . . 1 Striker 4 | . . . . . . . . . . . . . . . . . . . . . 2 . 2 Executioner 5 | . . . . . . . . . . . . . . . . . . . . . . . 5 Alpha 7 1 | . . . . . . . . . . . . . . . . . . . . . 1 . . Z-Courier 1 | . . . . . . . . . . . . . . 1 . . . . . . . . . Z-Light 3 | . . . . . . . . . . 1 . . . . . . . . . . . . 2 Thug 6 | . . . . . . . . . . . . . . . . . . 5 . 1 . . . Butcher 1 | . . . . . . . . . . . . . . . . . 1 . . . . . . Wizard 2 | . . . . . . . . . 1 . . . . . . . 1 . . . . . . Fireman 1 | . . . . . . . . . . . . . . 1 . . . . . . . . . Mutant 1 | . . . . . . . . . . . . . . . . . . 1 . . . . . Best Kill Streak 55 | . 2 1 2 . . 1 1 . 1 3 3 2 . 4 4 3 2 6 1 3 6 20 55 Combat Bots Only 42 | . 2 1 2 . . 1 1 . . 2 3 2 . 3 4 3 2 6 . 3 6 9 42 Max Kills in Single Turn 4 | . 1 1 1 . . 1 1 . 1 2 2 1 . 2 2 2 2 2 1 1 3 3 4 Gunslinging 1 | . . . . . . . . . . . 1 . . . . 1 . 1 . . 1 1 1 Exploded 2 | . . . . . . . . . . . . . . . 2 . . . . . . . 1 Melee 1 | . . . . . . 1 1 . . . . . . . . . . . . . . . . Uniques/NPCs Destroyed . | . . . . . . . . . . . . . . . . . . . . . . . . Combat | -11 -10 -10 -9 -9 -7 -6 -6 -6 -6 -6 -6 -6 -6 -5 -5 -5 -5 -4 -4 -3 -3 -2 -1 -------- Run | Scr Mat Min Mat Min Zio Pro Fac Was Fac Ext Cet Arc Hub Fac Upp Upp War Pro Fac Res Tes Res Acc Damage Taken 25103 | . 364 326 410 . . 2177 981 . 286 560 350 94 44 513 202 352 1192 609 . 186 1331 2533 12593 Core 2543 | . 61 70 26 . . 282 37 . . 116 12 . . . . 36 180 . . 11 44 66 1602 Absorbed by Shields 1171 | . . . . . . . . . . . . . . . . . . . . 97 1074 . . Reduced by Siege Mode 1574 | . . . . . . . . . . . 18 13 . 22 . 20 . 37 . . 171 204 1089 Core Remaining (%) 77 | 100 . 47 . . . 23 . . . . . . 80 . . . . 78 100 . 95 95 . Volleys Fired 638 | . 23 17 30 . . 36 16 . 6 33 25 7 1 38 5 11 15 15 1 16 99 79 165 Largest 4 | . 2 2 2 . . 2 2 . 3 3 3 3 3 4 4 4 4 4 4 4 4 4 4 Hottest 268 | . 90 40 79 . . 90 78 . 99 99 105 105 105 140 140 140 240 140 140 140 185 158 268 Shots Fired 2104 | . 46 34 60 . . 69 27 . 18 94 72 21 3 152 11 43 57 60 4 54 346 313 620 Gun 2066 | . 46 34 60 . . 42 27 . 18 93 72 21 3 152 8 43 57 60 4 54 344 313 615 Cannon 34 | . . . . . . 27 . . . . . . . . . . . . . . 2 . 5 Launcher 4 | . . . . . . . . . . 1 . . . . 3 . . . . . . . . Special . | . . . . . . . . . . . . . . . . . . . . . . . . Kinetic 1998 | . . 34 56 . . 46 18 . 18 93 72 21 3 152 8 43 56 60 4 54 332 313 615 Thermal 79 | . 46 . 4 . . 9 . . . . . . . . . . 1 . . . 14 . 5 Explosive 4 | . . . . . . . . . . 1 . . . . 3 . . . . . . . . Electromagnetic 23 | . . . . . . 14 9 . . . . . . . . . . . . . . . . Robot Hit Streak 71 | . 12 11 9 . . 12 7 . 5 7 10 13 2 11 20 23 10 27 29 11 34 32 71 Robot Miss Streak 7 | . 2 4 2 . . 4 3 . 4 5 7 5 1 4 . 3 2 2 . 3 4 4 5 Penetration Max 3 | . . . . . . . . . 1 2 1 . . . . . 1 1 . . 1 1 3 Secondary Targets 68 | . . . . . . . . . . . 3 . . 2 1 1 1 5 . . 2 7 46 Max Gunslinging Chain 2 | . . . . . . . . . . . 1 . . 1 1 1 1 1 . . 1 1 2 Shots Hit Robots 1478 | . 39 20 44 . . 52 27 6 11 54 41 14 2 83 9 28 37 48 2 38 243 210 470 Core Hits 808 | . 12 6 17 . . 20 16 2 6 40 28 4 2 35 8 11 20 19 2 9 89 134 328 Critical Hits 582 | . . . . . . 5 . . 8 26 21 3 . 15 1 5 8 15 . 6 51 120 298 Critical Kills 209 | . . . . . . 1 . . 2 6 8 2 . 5 1 3 2 7 . 3 13 38 118 Critical Parts Destroyed 311 | . . . . . . 3 . . 6 16 12 1 . 9 . 2 6 8 . 3 33 64 148 Melee Attacks 42 | . . . . . . 6 6 6 . . . . . . 2 6 . . . 6 6 . 4 Impact . | . . . . . . . . . . . . . . . . . . . . . . . . Slashing . | . . . . . . . . . . . . . . . . . . . . . . . . Piercing 42 | . . . . . . 6 6 6 . . . . . . 2 6 . . . 6 6 . 4 Sneak Attacks 2 | . . . . . . . 1 . . . . . . . . . . . . . 1 . . Combat Hostiles . | . . . . . . . . . . . . . . . . . . . . . . . . Follow-up Attacks . | . . . . . . . . . . . . . . . . . . . . . . . . Damage Inflicted 40968 | . 437 173 420 . . 1217 737 396 102 962 350 268 71 2243 588 937 1188 1339 53 850 5906 5811 16920 Guns 34883 | . 437 173 420 . . 567 425 . 102 640 350 268 67 2193 200 488 1188 1339 53 850 5124 5811 14188 Cannons 1329 | . . . . . . 485 . . . . . . . . . . . . . . 39 . 805 Explosions 2670 | . . . . . . . 45 . . 270 . . . 50 388 . . . . . . . 1917 Melee 2020 | . . . . . . 165 267 396 . . . . . . . 449 . . . . 743 . . Ramming 66 | . . . . . . . . . . 52 . . 4 . . . . . . . . . 10 Kinetic 34160 | . . 173 392 . . 682 333 . 102 640 350 268 67 2193 200 488 1188 1339 53 850 4843 5811 14188 Thermal 3613 | . 437 . 28 . . 203 45 . . . . . . . . . . . . . 320 . 2580 Explosive 658 | . . . . . . . . . . 270 . . . . 388 . . . . . . . . Electromagnetic 451 | . . . . . . 167 92 . . . . . . 50 . . . . . . . . 142 Impact . | . . . . . . . . . . . . . . . . . . . . . . . . Slashing . | . . . . . . . . . . . . . . . . . . . . . . . . Piercing 2020 | . . . . . . 165 267 396 . . . . . . . 449 . . . . 743 . . Highest Corruption 11 | . 2 2 . . . . 1 1 1 6 6 6 6 1 1 1 2 2 . 1 7 2 11 Average Corruption 2 | . 2 2 . . . . 1 1 1 3 6 6 6 1 1 1 1 2 . 1 3 1 3 Corruption Purged . | . . . . . . . . . . . . . . . . . . . . . . . . Effects 218 | . 2 11 . . . . 6 3 5 15 29 6 9 . 1 6 3 6 . 2 46 8 60 Message Errors 43 | . 1 5 . . . . 5 . 1 . 5 2 4 . 1 1 . 3 . 1 6 1 7 Matter Fused 28 | . . . . . . . . . . 4 3 3 2 . . . . . . . 9 . 7 Heat Flow Errors 17 | . 1 1 . . . . . . . 1 3 . 3 . . . 2 1 . . 2 1 2 Energy Discharges 24 | . . 1 . . . . . 1 2 1 2 . . . . 2 . . . . 9 . 6 Parts Rejected 1 | . . . . . . . . . . . . . . . . . . . . . . . 1 Data Loss (minor) 23 | . . 3 . . . . . 2 2 . 4 . . . . 2 1 1 . 1 5 . 2 Data Loss (major) 8 | . . . . . . . . . . 1 4 . . . . . . . . . 3 . . Misfires 2 | . . . . . . . . . . 1 . . . . . . . . . . . . 1 Misdirections 1 | . . . . . . . . . . . . . . . . . . . . . . . 1 Targeting Errors 57 | . . 1 . . . . 1 . . 5 5 1 . . . . . 1 . . 10 6 27 Weapon Failures 14 | . . . . . . . . . . 2 3 . . . . 1 . . . . 2 . 6 Overload Shots 1 | . . . . . . . . . . . . . . . . . 1 . . . . . . Effects 1 | . . . . . . . . . . . . . . . . . 1 . . . . . . Energy Bleed 1 | . . . . . . . . . . . . . . . . . 1 . . . . . . Overflow Damage 569 | . . . . . . . 23 50 . 65 . . . . 18 98 . . . . . . 315 Projectiles 68 | . . . . . . . . . . . . . . . . . . . . . . . 68 Explosions 308 | . . . . . . . . . . 43 . . . . 18 . . . . . . . 247 Melee 193 | . . . . . . . 23 50 . 22 . . . . . 98 . . . . . . . Knockbacks 1 | . . . . . . 1 . . . . . . . . . . . . . . . . . Impact . | . . . . . . . . . . . . . . . . . . . . . . . . Kinetic 1 | . . . . . . 1 . . . . . . . . . . . . . . . . . Secondary . | . . . . . . . . . . . . . . . . . . . . . . . . Self-Inflicted Damage 294 | . . . . . . . . . . 26 . . . . 15 . . . . . . . 253 Shots 5 | . . . . . . . . . . . . . . . 1 . . . . . . . 4 Rammed 5 | . . . . . . . . . . 1 . . 1 . . . . . . . . . 3 Targets Rammed 5 | . . . . . . . . . . 1 . . 1 . . . . . . . . . 3 Kicked . | . . . . . . . . . . . . . . . . . . . . . . . . Crushed . | . . . . . . . . . . . . . . . . . . . . . . . . Highest Temperature 380 | . 253 134 . . . 50 . . 76 220 349 . 245 3 12 3 203 59 . . 380 210 183 Average Temperature 66 | . 69 24 . . . 11 . . 33 66 75 . 111 1 7 3 63 14 . . 145 52 39 Received Heat Transfer 3455 | . 201 180 183 . . 276 . . 90 117 9 . 15 54 57 45 36 108 . 4 58 441 1581 Siege Activations 69 | . . . . . . . . . . . 3 2 . 5 2 3 . 2 . 2 11 13 26 Total Turns 1457 | . . . . . . . . . . . 27 23 . 76 10 27 . 21 . 10 431 251 581 Longest Duration 182 | . . . . . . . . . . . 10 17 . 34 5 14 . 18 . 7 182 73 72 Robots Corrupted . | . . . . . . . . . . . . . . . . . . . . . . . . Combat Hostiles . | . . . . . . . . . . . . . . . . . . . . . . . . Parts Fried 4 | . . . . . . 2 . . . . . 1 . . . . . . . 1 . . . Impact Corruptions 1 | . . . . . . . . . . 1 . . . . . . . . . . . . . Robots Melted 1 | . 1 . . . . . . . . . . . . . . . . . . . . . . Combat Hostiles 1 | . 1 . . . . . . . . . . . . . . . . . . . . . . Parts Melted 7 | . 3 . . . . . . . . . . . . 1 . . . . . . 1 . 2 Heat Transferred 4053 | . 1153 . 74 . . 259 50 . . . . . . . . . . . . . 407 . 2110 Parts Sabotaged . | . . . . . . . . . . . . . . . . . . . . . . . . Parts Stolen . | . . . . . . . . . . . . . . . . . . . . . . . . Parts Stripped . | . . . . . . . . . . . . . . . . . . . . . . . . Power Chain Reactions 4 | . . . . . . . 1 . . . . . . 2 . . . . . . . . 1 Missiles Intercepted . | . . . . . . . . . . . . . . . . . . . . . . . . Alert | -11 -10 -10 -9 -9 -7 -6 -6 -6 -6 -6 -6 -6 -6 -5 -5 -5 -5 -4 -4 -3 -3 -2 -1 ------- Run | Scr Mat Min Mat Min Zio Pro Fac Was Fac Ext Cet Arc Hub Fac Upp Upp War Pro Fac Res Tes Res Acc Peak Influence 4208 | . 117 52 186 72 . . 80 . 422 875 958 540 505 1162 . . . . 7 130 395 1014 4208 Initial 608 | . . 1 . 72 . . 12 . . 108 489 383 189 149 . . . . . 3 40 222 608 Average 574 | . 61 25 118 72 . . 31 . 62 533 738 499 386 711 . . . . 2 60 188 596 1683 Maximum Alert Level 5 | . . . . . . . . . 2 3 3 2 2 4 . . . . . . 1 3 5 Low Security (%) 39 | . 100 100 100 100 . . 100 100 82 8 . . 9 4 . . . . 100 100 47 3 . Level 1 17 | . . . . . . . . . 16 37 . 5 36 18 . . . . . . 52 37 . Level 2 11 | . . . . . . . . . 1 9 39 94 53 30 . . . . . . . 8 15 Level 3 17 | . . . . . . . . . . 45 60 . . 27 . . . . . . . 51 26 Level 4 5 | . . . . . . . . . . . . . . 19 . . . . . . . . 21 Level 5 1 | . . . . . . . . . . . . . . . . . . . . . . . 6 High Security 5 | . . . . . . . . . . . . . . . . . . . . . . . 29 Max Security . | . . . . . . . . . . . . . . . . . . . . . . . . Sterilizations 1 | . . . . . . . . . . . . . . . . . . . . . . . 1 Squads Dispatched 62 | . 1 . . . . . 2 . 3 2 . . 1 5 . . . . . 1 6 4 37 Investigation 3 | . . . . . . . . . . . . . 1 . . . . . . . 1 . 1 Extermination 16 | . . . . . . . 2 . 1 . . . . 2 . . . . . 1 3 2 5 Reinforcement 12 | . 1 . . . . . . . 2 2 . . . 3 . . . . . . 2 1 1 Assault 28 | . . . . . . . . . . . . . . . . . . . . . . 1 27 Garrison 3 | . . . . . . . . . . . . . . . . . . . . . . . 3 Intercept . | . . . . . . . . . . . . . . . . . . . . . . . . Construction Impeded 6 | . . . . . . . . . 1 1 . . . 2 . . . . . . 1 . 1 Haulers Reinforced 2 | . . . . . . . . . . . . . . 1 . . . . . . . 1 . Stealth | -11 -10 -10 -9 -9 -7 -6 -6 -6 -6 -6 -6 -6 -6 -5 -5 -5 -5 -4 -4 -3 -3 -2 -1 --------- Run | Scr Mat Min Mat Min Zio Pro Fac Was Fac Ext Cet Arc Hub Fac Upp Upp War Pro Fac Res Tes Res Acc Distress Signals 51 | . 1 . . . . 26 1 . 2 4 2 . 1 2 . . . . . . 1 7 4 Communications Jammed . | . . . . . . . . . . . . . . . . . . . . . . . . Distress Signals . | . . . . . . . . . . . . . . . . . . . . . . . . Times Spotted 506 | . 7 2 11 2 . 13 5 . 11 27 24 3 8 29 8 7 23 11 . 6 30 46 233 Peak Tracking Total 31 | . 5 2 4 . . 3 4 . 5 4 5 1 3 4 4 4 9 6 . 2 6 8 31 Tactical Retreats 20 | . . . . . . . . . . . 1 . . . . 1 4 . . . 4 1 9 Traps | -11 -10 -10 -9 -9 -7 -6 -6 -6 -6 -6 -6 -6 -6 -5 -5 -5 -5 -4 -4 -3 -3 -2 -1 ------- Run | Scr Mat Min Mat Min Zio Pro Fac Was Fac Ext Cet Arc Hub Fac Upp Upp War Pro Fac Res Tes Res Acc Traps Triggered 5 | . 1 . . . . . 2 . . 1 . . . . . . . . . . 1 . . Indirectly . | . . . . . . . . . . . . . . . . . . . . . . . . Trap Hack Attempts . | . . . . . . . . . . . . . . . . . . . . . . . . Triggered . | . . . . . . . . . . . . . . . . . . . . . . . . Disarmed . | . . . . . . . . . . . . . . . . . . . . . . . . Reprogrammed . | . . . . . . . . . . . . . . . . . . . . . . . . Reused . | . . . . . . . . . . . . . . . . . . . . . . . . Traps Extracted . | . . . . . . . . . . . . . . . . . . . . . . . . Installed . | . . . . . . . . . . . . . . . . . . . . . . . . Triggered 12 | . . . . . . . . . . . . . . . . . 12 . . . . . . Machines | -11 -10 -10 -9 -9 -7 -6 -6 -6 -6 -6 -6 -6 -6 -5 -5 -5 -5 -4 -4 -3 -3 -2 -1 ---------- Run | Scr Mat Min Mat Min Zio Pro Fac Was Fac Ext Cet Arc Hub Fac Upp Upp War Pro Fac Res Tes Res Acc Machines Disabled 46 | . . . . . . . 1 . 7 1 5 3 1 11 1 . 1 . . . 6 3 6 Max in Single Turn 4 | . . . . . . . 1 . . . . 2 . 4 1 . 1 . . . 1 1 1 Garrison Access 1 | . . . . . . . . . . . . . . . . . . . . . 1 . . Machines Sabotaged . | . . . . . . . . . . . . . . . . . . . . . . . . Garrisons Compromised . | . . . . . . . . . . . . . . . . . . . . . . . . Overloaded Fab Kills . | . . . . . . . . . . . . . . . . . . . . . . . . Fab Network Shutdowns . | . . . . . . . . . . . . . . . . . . . . . . . . Hacking | -11 -10 -10 -9 -9 -7 -6 -6 -6 -6 -6 -6 -6 -6 -5 -5 -5 -5 -4 -4 -3 -3 -2 -1 --------- Run | Scr Mat Min Mat Min Zio Pro Fac Was Fac Ext Cet Arc Hub Fac Upp Upp War Pro Fac Res Tes Res Acc Machines Accessed 11 | . 2 2 2 . . . . . . . . . . . 1 2 1 . . . 1 . . Terminals 6 | . 2 2 2 . . . . . . . . . . . . . . . . . . . . Fabricators . | . . . . . . . . . . . . . . . . . . . . . . . . Repair Stations . | . . . . . . . . . . . . . . . . . . . . . . . . Recycling Units . | . . . . . . . . . . . . . . . . . . . . . . . . Scanalyzers . | . . . . . . . . . . . . . . . . . . . . . . . . Garrison Access 1 | . . . . . . . . . . . . . . . . . . . . . 1 . . Total Hacks 29 | . 4 6 13 . . . . . . . . . . . 1 2 1 . . . 2 . . Successful 14 | . 1 1 7 . . . . . . . . . . . 1 2 1 . . . 1 . . Failed 15 | . 3 5 6 . . . . . . . . . . . . . . . . . 1 . . Catastrophic 2 | . 1 1 . . . . . . . . . . . . . . . . . . . . . Database Lockouts . | . . . . . . . . . . . . . . . . . . . . . . . . Manual 97 | . 4 5 7 . . . 6 . 9 11 8 . 8 9 . . . . . 6 7 7 10 Terminals 23 | . 4 6 13 . . . . . . . . . . . . . . . . . . . . Fabricators . | . . . . . . . . . . . . . . . . . . . . . . . . Repair Stations . | . . . . . . . . . . . . . . . . . . . . . . . . Recycling Units . | . . . . . . . . . . . . . . . . . . . . . . . . Scanalyzers . | . . . . . . . . . . . . . . . . . . . . . . . . Garrison Access 2 | . . . . . . . . . . . . . . . . . . . . . 2 . . Terminal Hacks 11 | . 1 1 5 . . . . . . . . . . . 1 2 1 . . . . . . Record 4 | . . 1 2 . . . . . . . . . . . 1 . . . . . . . . Robot Analysis 2 | . 1 . 1 . . . . . . . . . . . . . . . . . . . . Open Door 3 | . . . . . . . . . . . . . . . . 2 1 . . . . . . Branch Access Points 1 | . . . 1 . . . . . . . . . . . . . . . . . . . . Alert Level 1 | . . . 1 . . . . . . . . . . . . . . . . . . . . Fabricator Hacks . | . . . . . . . . . . . . . . . . . . . . . . . . Repair Station Hacks . | . . . . . . . . . . . . . . . . . . . . . . . . Recycling Unit Hacks . | . . . . . . . . . . . . . . . . . . . . . . . . Scanalyzer . | . . . . . . . . . . . . . . . . . . . . . . . . Garrison Access Hacks 1 | . . . . . . . . . . . . . . . . . . . . . 1 . . Seal Access 1 | . . . . . . . . . . . . . . . . . . . . . 1 . . Unauthorized Hacks 2 | . . . 2 . . . . . . . . . . . . . . . . . . . . Terminals 2 | . . . 2 . . . . . . . . . . . . . . . . . . . . Botnet 2 | . . . 2 . . . . . . . . . . . . . . . . . . . . Fabricators . | . . . . . . . . . . . . . . . . . . . . . . . . Repair Stations . | . . . . . . . . . . . . . . . . . . . . . . . . Recycling Units . | . . . . . . . . . . . . . . . . . . . . . . . . Scanalyzers . | . . . . . . . . . . . . . . . . . . . . . . . . Garrison Access . | . . . . . . . . . . . . . . . . . . . . . . . . Data Cores Recovered 1 | . . . . . . . . . . . . . 1 . . . . . . . . . . Used . | . . . . . . . . . . . . . . . . . . . . . . . . Hacking Detections 6 | . 2 2 1 . . . . . . . . . . . . . . . . . 1 . . Full Trace Events . | . . . . . . . . . . . . . . . . . . . . . . . . Feedback Events . | . . . . . . . . . . . . . . . . . . . . . . . . Feedback Blocked . | . . . . . . . . . . . . . . . . . . . . . . . . Robot Schematics Acquired 9 | . . . . . . . . . . 5 . . 4 . . . . . . . . . . Robots Built . | . . . . . . . . . . . . . . . . . . . . . . . . Matter . | . . . . . . . . . . . . . . . . . . . . . . . . Time . | . . . . . . . . . . . . . . . . . . . . . . . . Total Robot Build Rating . | . . . . . . . . . . . . . . . . . . . . . . . . Part Schematics Acquired . | . . . . . . . . . . . . . . . . . . . . . . . . Parts Built . | . . . . . . . . . . . . . . . . . . . . . . . . Matter . | . . . . . . . . . . . . . . . . . . . . . . . . Time . | . . . . . . . . . . . . . . . . . . . . . . . . Total Part Build Rating . | . . . . . . . . . . . . . . . . . . . . . . . . Parts Repaired . | . . . . . . . . . . . . . . . . . . . . . . . . Time . | . . . . . . . . . . . . . . . . . . . . . . . . Parts Recycled . | . . . . . . . . . . . . . . . . . . . . . . . . Recycled Matter . | . . . . . . . . . . . . . . . . . . . . . . . . Retrieved Matter . | . . . . . . . . . . . . . . . . . . . . . . . . Retrieved Components . | . . . . . . . . . . . . . . . . . . . . . . . . Parts Scanalyzed . | . . . . . . . . . . . . . . . . . . . . . . . . Part Schematics Acquired . | . . . . . . . . . . . . . . . . . . . . . . . . Parts Damaged . | . . . . . . . . . . . . . . . . . . . . . . . . Bothacking | -11 -10 -10 -9 -9 -7 -6 -6 -6 -6 -6 -6 -6 -6 -5 -5 -5 -5 -4 -4 -3 -3 -2 -1 ------------ Run | Scr Mat Min Mat Min Zio Pro Fac Was Fac Ext Cet Arc Hub Fac Upp Upp War Pro Fac Res Tes Res Acc Used RIF Installer . | . . . . . . . . . . . . . . . . . . . . . . . . Robots Hacked . | . . . . . . . . . . . . . . . . . . . . . . . . Non-combat . | . . . . . . . . . . . . . . . . . . . . . . . . Combat . | . . . . . . . . . . . . . . . . . . . . . . . . Robot Hacks Applied . | . . . . . . . . . . . . . . . . . . . . . . . . Relay Couplers Released . | . . . . . . . . . . . . . . . . . . . . . . . . Robots Rewired 8 | . . . . . . . . . . 6 . . . . . . . 2 . . . . . Allies Hacked 3 | . . . . . . . . . . . . . . 1 . . . . . . . 1 1 Hacks Repelled . | . . . . . . . . . . . . . . . . . . . . . . . . Allies | -11 -10 -10 -9 -9 -7 -6 -6 -6 -6 -6 -6 -6 -6 -5 -5 -5 -5 -4 -4 -3 -3 -2 -1 -------- Run | Scr Mat Min Mat Min Zio Pro Fac Was Fac Ext Cet Arc Hub Fac Upp Upp War Pro Fac Res Tes Res Acc Total Allies 55 | . . 2 . . 8 . 4 1 4 10 1 . 7 4 . . . 2 . 1 . 3 8 Largest Group 11 | . . 2 2 . 8 8 4 4 8 11 3 1 7 10 1 . . 2 1 2 . 2 7 Highest-Rated Group 880 | . . 46 46 . 266 266 239 239 388 564 202 146 384 594 140 . . 92 46 76 . 244 880 Highest-Rated Ally 268 | . . 31 31 . 39 39 146 146 146 146 146 146 146 143 140 . . 46 46 46 . 122 268 Zionite Dispatches 18 | . . . . . . . 1 . 2 2 1 . 2 3 . . . . . 1 . 2 4 Heavy 1 | . . . . . . . . . . . . . . . . . . . . . . 1 . Light 5 | . . . . . . . . . . 1 . . 1 1 . . . . . . . . 2 Recon 1 | . . . . . . . . . . . . . . 1 . . . . . . . . . Fire 1 | . . . . . . . . . . . . . 1 . . . . . . . . . . Hacker 1 | . . . . . . . . . 1 . . . . . . . . . . . . . . Experimental 1 | . . . . . . . . . . . . . . . . . . . . . . . 1 Hero 1 | . . . . . . . 1 . . . . . . . . . . . . . . . . Thermal Resupply 1 | . . . . . . . . . . . 1 . . . . . . . . . . . . Kinetic Resupply 1 | . . . . . . . . . . . . . . . . . . . . . . . 1 Melee Resupply 2 | . . . . . . . . . . 1 . . . 1 . . . . . . . . . Heavy Resupply 1 | . . . . . . . . . . . . . . . . . . . . 1 . . . Infowar Resupply 1 | . . . . . . . . . . . . . . . . . . . . . . 1 . Hover Resupply 1 | . . . . . . . . . 1 . . . . . . . . . . . . . . Total Orders 13 | . . . . . . . 2 . . 1 . . . 2 2 2 . . . . . 2 2 FOLLOW 3 | . . . . . . . 1 . . . . . . . . . . . . . . 1 1 DROP 2 | . . . . . . . . . . . . . . . . . . . . . . 1 1 EXPLORE 6 | . . . . . . . 1 . . . . . . 2 1 2 . . . . . . . RETURN 2 | . . . . . . . . . . 1 . . . . 1 . . . . . . . . Ally Attacks 481 | . . . 8 . . 35 . . 59 129 38 5 36 86 4 . . 10 . 6 . 9 56 Total Damage 19567 | . . . 144 . . 1267 . . 2359 4241 1436 388 1473 2997 644 . . 288 . 196 . 568 3566 Kills 126 | . . . 3 . . 4 . . 17 32 15 1 11 25 2 . . 1 . 1 . 2 12 Allies Corrupted 4 | . . . . . . . . . . 1 . . . 1 . . . . . . . . 2 Allies Melted . | . . . . . . . . . . . . . . . . . . . . . . . . Intel | -11 -10 -10 -9 -9 -7 -6 -6 -6 -6 -6 -6 -6 -6 -5 -5 -5 -5 -4 -4 -3 -3 -2 -1 ------- Run | Scr Mat Min Mat Min Zio Pro Fac Was Fac Ext Cet Arc Hub Fac Upp Upp War Pro Fac Res Tes Res Acc Robot Analysis Total 2 | . 1 . 1 . . . . . . . . . . . . . . . . . . . . Derelict Logs Recovered 7 | . . 2 . . . . . . . . . . . . 2 1 . 2 . . . . . Drone Launches 7 | . . . . . . . 1 . . 1 . . . 2 1 2 . . . . . . . Drone Recoveries 6 | . . . . . . . 1 . . 1 . . . 2 1 1 . . . . . . . Zionite Intel Received 6 | . . . . . . . 1 . . 1 1 . 1 . . . . . . 1 1 . . Branch Access 2 | . . . . . . . . . . . . . . . . . . . . 1 1 . . Component Stockpiles 2 | . . . . . . . 1 . . . 1 . . . . . . . . . . . . Unaware Schematics 2 | . . . . . . . . . . 1 . . 1 . . . . . . . . . . Exploration | -11 -10 -10 -9 -9 -7 -6 -6 -6 -6 -6 -6 -6 -6 -5 -5 -5 -5 -4 -4 -3 -3 -2 -1 ------------- Run | Scr Mat Min Mat Min Zio Pro Fac Was Fac Ext Cet Arc Hub Fac Upp Upp War Pro Fac Res Tes Res Acc Turns Passed 18707 | . 495 740 399 40 1446 760 813 383 430 555 773 194 402 924 665 1118 777 608 105 710 2322 1438 2610 Spaces Moved 9658 | 1 242 427 153 26 896 370 411 286 330 538 407 90 241 445 387 631 429 318 63 365 927 583 1092 Core 142 | . . . . . . . . . . . . . . . . . . . . . . . 142 Treads 8116 | . 225 427 114 26 896 370 256 . . . 373 90 241 445 387 631 429 318 63 365 927 583 950 Legs 781 | 1 17 . 39 . . . 155 286 283 . . . . . . . . . . . . . . Wheels . | . . . . . . . . . . . . . . . . . . . . . . . . Hover 619 | . . . . . . . . . 47 538 34 . . . . . . . . . . . . Flight . | . . . . . . . . . . . . . . . . . . . . . . . . Fastest Speed 45 | 120 120 160 160 160 160 160 120 120 45 45 53 160 160 160 160 160 160 160 160 155 166 153 50 Average Speed 150 | 120 157 160 173 160 160 161 159 120 110 59 151 160 160 160 160 160 160 160 160 160 166 165 139 Slowest Speed 240 | 120 160 160 240 160 160 180 190 120 150 102 160 160 160 160 160 160 160 160 160 186 170 166 165 Overloaded Moves . | . . . . . . . . . . . . . . . . . . . . . . . . Propulsion Burnouts . | . . . . . . . . . . . . . . . . . . . . . . . . Robots Hopped . | . . . . . . . . . . . . . . . . . . . . . . . . Cave-ins Triggered . | . . . . . . . . . . . . . . . . . . . . . . . . Exploration Rate (%) 45 | 2 53 85 14 4 89 54 14 87 12 64 77 84 31 24 72 79 55 48 2 9 81 20 31 Regions Visited 23 Branch Regions 13 Pre-discovered Areas 4 | . . 1 . . 2 . . . . . . . . . . . . 1 . . . . . Known Exits Taken 14 | . . . 1 . . . . . . 1 1 1 1 1 1 1 1 1 1 1 1 1 . Unknown Exits Taken 7 | 1 1 1 . 1 1 1 . . 1 . . . . . . . . . . . . . . Scrap Searched 9 | . . 1 . . 3 1 . . . . . . . . 1 2 . 1 . . . . . Spaces Dug 35 | . . . . . . . . . . . . . . . 1 2 . . . 6 . 1 25 Terrain Destroyed 411 | . . . . . . . 5 . . 13 . 10 1 35 31 19 28 29 . 7 17 37 179 Melee 13 | . . . . . . . . . . . . . . . 1 2 . . . 6 . . 4 Projectile 296 | . . . . . . . . . . . . 10 1 31 2 17 28 29 . 1 17 37 123 AOE 102 | . . . . . . . 5 . . 13 . . . 4 28 . . . . . . . 52 Terrain Rammed . | . . . . . . . . . . . . . . . . . . . . . . . . Walls Destroyed . | . . . . . . . . . . . . . . . . . . . . . . . . Machines Disabled . | . . . . . . . . . . . . . . . . . . . . . . . . Actions | -11 -10 -10 -9 -9 -7 -6 -6 -6 -6 -6 -6 -6 -6 -5 -5 -5 -5 -4 -4 -3 -3 -2 -1 --------- Run | Scr Mat Min Mat Min Zio Pro Fac Was Fac Ext Cet Arc Hub Fac Upp Upp War Pro Fac Res Tes Res Acc Total 12385 | . 313 457 243 25 910 460 525 314 387 718 526 124 255 564 416 702 484 378 65 442 1481 845 1751 Wait 1138 | . 18 8 15 . 7 7 51 1 13 46 29 28 6 56 11 37 24 6 . 15 276 109 375 Move 9636 | . 241 426 152 25 895 369 411 285 329 537 406 89 240 444 386 630 428 317 62 364 926 582 1092 Hop . | . . . . . . . . . . . . . . . . . . . . . . . . Pick Up 168 | . 12 5 15 . 3 12 13 3 7 11 15 . 2 5 . 6 1 3 1 5 24 9 16 Fast Attach 135 | . 3 . 1 . 1 3 12 3 6 4 7 . 2 4 2 1 4 1 . 10 48 5 18 Attach 86 | . 3 1 8 . . 11 9 . . 6 6 . . 4 . 2 . 1 1 2 9 6 17 Detach 35 | . 1 . 3 . . . 5 . 2 5 1 . . 2 . . 2 . . 2 6 3 3 Swap 172 | . 3 . 6 . . 3 1 7 2 10 10 . 1 3 9 6 4 6 . 8 16 40 37 Drop 236 | . 9 . 13 . 4 13 1 9 10 11 27 . 2 8 1 3 6 4 . 14 71 12 18 Fire 638 | . 23 17 30 . . 36 16 . 6 33 25 7 1 38 5 11 15 15 1 16 99 79 165 Melee 42 | . . . . . . 6 6 6 . . . . . . 2 6 . . . 6 6 . 4 Ram 4 | . . . . . . . . . . 1 . . . . . . . . . . . . 3 Kick . | . . . . . . . . . . . . . . . . . . . . . . . . Crush 1 | . . . . . . . . . . . . . 1 . . . . . . . . . . Escape Stasis 16 | . . . . . . . . . . 13 . . . . . . . . . . . . 3 Rewire 78 | . . . . . . . . . 12 41 . . . . . . . 25 . . . . . Trap . | . . . . . . . . . . . . . . . . . . . . . . . . Miscellaneous . | . . . . . . . . . . . . . . . . . . . . . . . . Route ------- -11/Scrapyard -10/Materials (discovered 3 exits: *Mat / *Min x2) -10/Mines -9/Materials (discovered 2 exits: *Min x2) -9/Mines -7/Zion -6/Proximity Caves -6/Factory -6/Waste -6/Factory -6/Extension (discovered 2 exits: *Fac / *Cet) -6/Cetus (discovered 3 exits: *Fac x2 / *Arc) -6/Archives (discovered 2 exits: *Fac / *Hub) -6/Hub_04(d) -5/Factory -5/Upper Caves -5/Upper Caves (discovered 2 exits: *Fac / *War) -5/Warlord -4/Proximity Caves -4/Factory -3/Research (discovered 3 exits: Res / *Tes x2) -3/Testing -2/Research -1/Access History --------- Turn | Location | Event 1 | -11/Scrapyard | Discovered new exit (range 0) 1 | -11/Scrapyard | Entered Materials 208 | -10/Materials | Discovered new exit (range 9) 311 | -10/Materials | Build established: Mutant 314 | -10/Materials | Discovered new exit (range 11) 399 | -10/Materials | Discovered new exit (range 16) 496 | -10/Materials | Entered Mines 536 | -10/Mines | Core integrity fell below 50% 672 | -10/Mines | Learned location of Zion (-7) 1221 | -10/Mines | Discovered new exit (range 6) 1236 | -10/Mines | Entered Materials 1236 | -9/Materials | Accompanied by 2 allies 1236 | -9/Materials | Evolved 2 slots: Propulsion x1, Utility x1 1241 | -9/Materials | Led the pair of lost Derelicts to an unsafe place 1567 | -9/Materials | Identified exit to Mines 1635 | -9/Materials | Entered Mines 1636 | -9/Mines | A Derelict revealed a hidden shortcut to a safe place 1646 | -9/Mines | Build established: Scavenger-Mutant 1675 | -9/Mines | Entered Zion 1696 | -7/Zion | Given the Hacking Drone Bay 1697 | -7/Zion | Found Prototype Device 1770 | -7/Zion | Visited the Megawrench Repair Shop 1808 | -7/Zion | Discovered new exit (range 16) 1903 | -7/Zion | Found CR-A16's Pointy Stick 2134 | -7/Zion | Gained Derelict followers 2834 | -7/Zion | Imprinted 2836 | -7/Zion | Declared Zion's savior 3121 | -7/Zion | Entered Proximity Caves 3121 | -6/Proximity Caves | Accompanied by 8 allies 3464 | -6/Proximity Caves | Spotted B-75 Beast 3536 | -6/Proximity Caves | Destroyed B-75 Beast 3754 | -6/Proximity Caves | Core integrity fell below 50% 3808 | -6/Proximity Caves | Lost 9 parts (2p4n1u2w) 3856 | -6/Proximity Caves | Discovered new exit (range 14) 3875 | -6/Proximity Caves | Lost 4 parts (2n2w) 3881 | -6/Proximity Caves | Entered Factory 3881 | -6/Factory | Evolved 6 slots: Propulsion x1, Utility x4, Weapon x1 3896 | -6/Factory | Identified Hacking Drone Bay 4445 | -6/Factory | Lost 3 parts (1n1u1w) 4584 | -6/Factory | Retrieved Zion intel report: Component Stockpiles 4585 | -6/Factory | Zion hero teleported in (NK-0LA) 4634 | -6/Factory | Allied Derelicts emerged from ambush trap array 4694 | -6/Factory | Sucked down chute 4694 | -6/Factory | Entered Waste 4694 | -6/Waste | The area was eerily silent 4694 | -6/Waste | Met up with 1 ally sucked down the chute earlier 4735 | -6/Waste | 3 allies followed down the chute 4752 | -6/Waste | Found Damper Plating 5019 | -6/Waste | Discovered new exit (range 14) 5077 | -6/Waste | Entered Factory 5077 | -6/Factory | Accompanied by 4 allies (NK-0LA) 5117 | -6/Factory | Zion Hover Resupply teleported in 5237 | -6/Factory | Zion Hacker squad teleported in 5344 | -6/Factory | Build established: Scavenger-Gunner 5486 | -6/Factory | Discovered new exit (range 15) 5507 | -6/Factory | Entered Extension 5507 | -6/Extension | Accompanied by 1 ally (NK-0LA) 5582 | -6/Extension | Zion Light squad teleported in 5583 | -6/Extension | Zion Melee Resupply teleported in 5835 | -6/Extension | Spotted B-75 Beast 5841 | -6/Extension | Spotted B-75 Beast 5855 | -6/Extension | Allies destroyed B-75 Beast 5857 | -6/Extension | Disrupted transfer network 5864 | -6/Extension | Allies destroyed B-75 Beast 5886 | -6/Extension | Found Prototype Protection 5889 | -6/Extension | Identified Zio. Weapon Casing 5909 | -6/Extension | Retrieved Zion intel report: Unaware Schematics 5947 | -6/Extension | Build established: Commander-Skirmisher 6027 | -6/Extension | Discovered new exit (range 16) 6027 | -6/Extension | Discovered new exit (range 15) 6039 | -6/Extension | Identified exit to Cetus 6062 | -6/Extension | Entered Cetus 6062 | -6/Cetus | Accompanied by 2 allies (NK-0LA) 6077 | -6/Cetus | Spotted Cetus Guard 6077 | -6/Cetus | Spotted Cetus Guard 6077 | -6/Cetus | Destroyed Cetus Guard 6079 | -6/Cetus | Allies destroyed Cetus Guard 6079 | -6/Cetus | Spotted Cetus Guard 6079 | -6/Cetus | Spotted Cetus Guard 6080 | -6/Cetus | Destroyed Cetus Guard 6080 | -6/Cetus | Destroyed Cetus Guard 6245 | -6/Cetus | Discovered new exit (range 16) 6361 | -6/Cetus | Zion Thermal Resupply teleported in 6396 | -6/Cetus | Retrieved Zion intel report: Component Stockpiles 6399 | -6/Cetus | Build established: Scavenger-Skirmisher 6461 | -6/Cetus | Discovered new exit (range 15) 6521 | -6/Cetus | Cetus Manufacturing Module disabled 6668 | -6/Cetus | Spotted Cetus Guard 6669 | -6/Cetus | Spotted Cetus Guard 6673 | -6/Cetus | Allies destroyed Cetus Guard 6673 | -6/Cetus | Spotted Cetus Guard 6673 | -6/Cetus | Spotted Cetus Guard 6675 | -6/Cetus | Destroyed Cetus Guard 6680 | -6/Cetus | Allies destroyed Cetus Guard 6680 | -6/Cetus | Destroyed Cetus Guard 6727 | -6/Cetus | Discovered new exit (range 15) 6737 | -6/Cetus | Scared off Revision 17 6834 | -6/Cetus | Identified exit to Archives 6835 | -6/Cetus | Entered Archives 6835 | -6/Archives | Accompanied by 1 ally (NK-0LA) 6933 | -6/Archives | Unable to access archive contents 6949 | -6/Archives | Discovered new exit (range 14) 6973 | -6/Archives | Identified exit to Factory 7006 | -6/Archives | Discovered new exit (range 14) 7027 | -6/Archives | Identified exit to Hub_04(d) 7029 | -6/Archives | Entered Hub_04(d) 7029 | -6/Hub_04(d) | Accompanied by 1 ally (NK-0LA) 7060 | -6/Hub_04(d) | Zion Light squad teleported in 7280 | -6/Hub_04(d) | Retrieved Zion intel report: Unaware Schematics 7372 | -6/Hub_04(d) | Discovered exit to Factory (range 15) 7414 | -6/Hub_04(d) | Zion Fire squad teleported in 7431 | -6/Hub_04(d) | Entered Factory 7431 | -5/Factory | Accompanied by 7 allies (NK-0LA) 7431 | -5/Factory | Evolved 2 slots: Utility x1, Weapon x1 7562 | -5/Factory | Zion Light squad teleported in 7669 | -5/Factory | Found Zio. Weapon Casing 7758 | -5/Factory | Build established: Scavenger-Tank 7829 | -5/Factory | Zion Recon squad teleported in 7849 | -5/Factory | Zion Melee Resupply teleported in 8120 | -5/Factory | Build established: Scavenger-Skirmisher 8193 | -5/Factory | Discovered new exit (range 59) 8352 | -5/Factory | Identified exit to Upper Caves 8355 | -5/Factory | Entered Upper Caves 8355 | -5/Upper Caves | Accompanied by 1 ally (NK-0LA) 8512 | -5/Upper Caves | Learned Factory terminal intel 8542 | -5/Upper Caves | Encountered a Warlord checkpoint 8556 | -5/Upper Caves | Discovered new exit (range 86) 8892 | -5/Upper Caves | Build established: Scavenger-Tank 8922 | -5/Upper Caves | Found Alien Artifact 8922 | -5/Upper Caves | Identified Core Expander 8922 | -5/Upper Caves | Installed Core Expander, added new Utility slot 8956 | -5/Upper Caves | Identified exit to Upper Caves 8977 | -5/Upper Caves | Learned Factory trap positions 9020 | -5/Upper Caves | Entered another Upper Caves area 9022 | -5/Upper Caves | Attracted the attention of an 0b10 checkpoint 9067 | -5/Upper Caves | Discovered new exit (range 34) 9795 | -5/Upper Caves | Learned 8 Factory zone layouts 9806 | -5/Upper Caves | Spotted B-75 Beast 10124 | -5/Upper Caves | Discovered new exit (range 8) 10133 | -5/Upper Caves | Identified exit to Warlord 10138 | -5/Upper Caves | Entered Warlord 10191 | -5/Warlord | System corruption cleaned by Quarantine Array 10342 | -5/Warlord | Rebuked by Warlord 10367 | -5/Warlord | Warlord's base attacked by MAIN.C 10371 | -5/Warlord | Found Prototype Reactor 10375 | -5/Warlord | Found Prototype Device 10375 | -5/Warlord | Identified Exp. Cloaking Device 10397 | -5/Warlord | Found Prototype Device 10397 | -5/Warlord | Identified Exp. Focal Shield 10597 | -5/Warlord | Opened side exit 10698 | -5/Warlord | Spotted Striker 10709 | -5/Warlord | Spotted Executioner 10717 | -5/Warlord | Warlord forces counterattacked 10819 | -5/Warlord | Spotted Executioner 10894 | -5/Warlord | Discovered new exit (range 15) 10914 | -5/Warlord | Identified exit to Proximity Caves 10915 | -5/Warlord | Entered Proximity Caves 10915 | -4/Proximity Caves | Learned location of Quarantine (-2) 11503 | -4/Proximity Caves | Discovered new exit (range 11) 11507 | -4/Proximity Caves | Learned location of 1 exit from Research 11521 | -4/Proximity Caves | Identified exit to Factory 11523 | -4/Proximity Caves | Entered Factory 11523 | -4/Factory | Accompanied by 1 ally 11523 | -4/Factory | Evolved 2 slots: Power x1, Utility x1 11525 | -4/Factory | Loaded intel: 105 trap records 11526 | -4/Factory | Loaded intel: 20 terminal locations 11597 | -4/Factory | Discovered new exit (range 15) 11619 | -4/Factory | Identified exit to Research 11628 | -4/Factory | Entered Research 11628 | -3/Research | Accompanied by 1 ally 11628 | -3/Research | Evolved 2 slots: Propulsion x2 11629 | -3/Research | Identified exit to Research 11841 | -3/Research | Retrieved Zion intel report: Branch Access 11841 | -3/Research | Identified exit to Testing 12125 | -3/Research | Zion Heavy Resupply teleported in 12315 | -3/Research | Found Prototype Device 12315 | -3/Research | Identified EM Dispersion Field 12338 | -3/Research | Entered Testing 12392 | -3/Testing | Identified Vortex Chain Reactor 12404 | -3/Testing | Found Prototype Energy Cannon 12404 | -3/Testing | Identified Potential Cannon 13331 | -3/Testing | Found Prototype Processor 13331 | -3/Testing | Identified Exp. Target Analyzer 13472 | -3/Testing | Found Prototype Launcher 13472 | -3/Testing | Identified Mni. Smartbomb Launcher 13501 | -3/Testing | Retrieved Zion intel report: Branch Access 13537 | -3/Testing | Found Prototype Processor 13537 | -3/Testing | Identified Exp. Targeting Computer 13547 | -3/Testing | Found EM Dispersion Field 13572 | -3/Testing | Found Prototype Protection 13572 | -3/Testing | Identified Centrium Heavy Armor Plating 13595 | -3/Testing | Build established: Scavenger-Gunner 13718 | -3/Testing | Spotted Striker 13720 | -3/Testing | Spotted Striker 13761 | -3/Testing | Found Prototype Device 13761 | -3/Testing | Identified Thermal Barrier 13796 | -3/Testing | Terminal network hard line cut 13824 | -3/Testing | Found Centrium Heavy Armor Plating 13842 | -3/Testing | Destroyed Striker 13853 | -3/Testing | Spotted Alpha 7 13887 | -3/Testing | Destroyed Alpha 7 13950 | -3/Testing | Destroyed Striker 14371 | -3/Testing | Found Prototype Launcher 14371 | -3/Testing | Identified Z-bomb Delivery System 14529 | -3/Testing | Discovered exit to Research (range 14) 14560 | -3/Testing | Found Prototype Ballistic Gun 14560 | -3/Testing | Identified Hyp. Multirail 14660 | -3/Testing | Entered Research 14660 | -2/Research | Evolved 2 slots: Utility x2 14674 | -2/Research | Zion Infowar Resupply teleported in 15311 | -2/Research | Spotted B-90 Cyclops 15337 | -2/Research | Destroyed B-90 Cyclops 15385 | -2/Research | Destroyed 9 combat bots 15688 | -2/Research | Zion Heavy squad teleported in 15754 | -2/Research | Found Zio. Weapon Casing 15905 | -2/Research | Terminal network hard line cut 15910 | -2/Research | First assault squad dispatched 16017 | -2/Research | Found Zio. Weapon Casing 16051 | -2/Research | Discovered new exit (range 6) 16082 | -2/Research | Identified exit to Access 16098 | -2/Research | Entered Access 16098 | -1/Access | Evolved 2 slots: Utility x2 16510 | -1/Access | Destroyed 7 combat bots 16890 | -1/Access | First assault squad dispatched 16930 | -1/Access | Zion Experimental squad teleported in 17112 | -1/Access | Zion Light squad teleported in 17126 | -1/Access | Found Prototype Protection 17126 | -1/Access | Identified Zio. Shade Armor 17157 | -1/Access | Zion Light squad teleported in 17189 | -1/Access | Zion Kinetic Resupply teleported in 17200 | -1/Access | P-80 Master assimilated allied 07-U77(z) 17210 | -1/Access | Found Zio. Shade Armor 17213 | -1/Access | Found Zio. Shade Armor 17326 | -1/Access | Terminal network hard line cut 17789 | -1/Access | Destroyed 9 combat bots 17935 | -1/Access | High security lockdown imminent 17960 | -1/Access | Found Exp. Targeting Computer 18015 | -1/Access | High security lockdown engaged 18043 | -1/Access | Garrison activated, responded to threat 18270 | -1/Access | Destroyed 42 combat bots 18333 | -1/Access | Spotted Executioner 18355 | -1/Access | Spotted Investigator 18362 | -1/Access | Scanned by Researcher 18369 | -1/Access | Destroyed Investigator 18369 | -1/Access | Destroyed Executioner 18385 | -1/Access | Spotted Executioner 18388 | -1/Access | Spotted Executioner 18393 | -1/Access | Destroyed Executioner 18393 | -1/Access | Spotted Striker 18397 | -1/Access | Destroyed Striker 18397 | -1/Access | Spotted Striker 18403 | -1/Access | Spotted Executioner 18411 | -1/Access | Destroyed Striker 18419 | -1/Access | Destroyed Executioner 18458 | -1/Access | Destroyed Executioner 18463 | -1/Access | Lost 8 parts (1p2n4u1w) 18494 | -1/Access | Destroyed 21 combat bots 18502 | -1/Access | Found Prototype Processor 18502 | -1/Access | Identified Exp. Core Analyzer 18510 | -1/Access | Found Exp. Targeting Computer 18544 | -1/Access | Sterilization system engaged 18588 | -1/Access | Spotted Executioner 18610 | -1/Access | Destroyed Executioner 18628 | -1/Access | Released all parts (9) 18646 | -1/Access | Destroyed 8 combat bots 18647 | -1/Access | Spotted Executioner 18647 | -1/Access | Spotted Executioner 18651 | -1/Access | Core integrity fell below 50% 18656 | -1/Access | Lost 18 parts (2p5n6u5w) 18666 | -1/Access | System corruption reached 10% 18699 | -1/Access | Core integrity fell below 20% 18708 | -1/Access | Destroyed by Y-72 Warden with Railgun Last Messages --------------- 18649_ Slug penetrates Wall. 18649_ Penetrated by Slug. 18649_ Slug penetrates P-80 Master. 18650_ Penetrated by Slug. 18650_ Slug penetrates P-80 Master. 18651_ Slammed into K-01 Serf. 18651_ K-01 Serf destroyed. 18651_ Penetrated by Slug. 18651_ Slug penetrates Wall. 18652_ Penetrated by Slug. 18652_ Acquired 30 matter. 18656_ Acquired Biometal Heavy Treads. 18658_ System corrupted: Heat flow error (+212). 18666_ Acquired Biometal Heavy Treads. 18668_ Acquired Imp. Gyrokinetic Inverter. 18688_ System corrupted: Component data lost. 18699_ Penetrated by Slug. 18702_ Critical hit. 18702_ Biometal Heavy Treads destroyed. 18705_ Slug penetrates Wall. Map ----- +----------------------------------------------------+ | ????????????????????????????? ???????????????? | | ????????????????????????????? ??????????????? | | ???????????????????????????? ?????????????? | | ???????????????????????????? ?????????????? | | ############################ ??????????????? | | ??????????????? | | " "??????????????? | | " " ?????????????? | | ""G"" ???????????? | | ??????????? | | ??????????? | | ?????????? | | ??????????? | | #####?????????????? | | #?????????????????? | | #?????????????????? | | #?????????????????? | | s #?????????????????? | | ##########+##+########## #?????????????????? | | ???????????????????????# #?????????????????? | | ???????????????????????# #?????????????????? | | ???????????????????????# #?????????????????? | | ???????????????????????# #?????????????????? | | ???????????????????????# #?????????????????? | | ???????????????????????# ###???????????????? | | ???????????????????????# @ #??????????? | | ???????????????????????# #??????????? | | ???????????????????????# #??????????? | | ???????????????????????# #??????????? | | ???????????????????????# #??????????? | | ???????????????????????# #??????????? | | ???????????????????????# #??????????? | | ???????????????????????# ###### ??????????? | | ???????????????????????# ??????k ???????????? | | ???????????????????????# ??????? ???????????? | | ???????????????????????# ???????? ????????????? | | ???????????????????????# ????????? ????????????? | | ???????????????????????# ????????? ??????????????? | | ???????????????????????? ????????????????????????? | | ???????????????????????? ????????????????????????? | | ?????????????????????????????????????????????????? | | ?????????????????????????????????????????????????? | | ?????????????????????????????????????????????????? | | ?????????????????????????????????????????????????? | | ?????????????????????????????????????????????????? | | ?????????????????????????????????????????????????? | | ?????????????????????????????????????????????????? | | ?????????????????????????????????????????????????? | | ?????????????????????????????????????????????????? | | ?????????????????????????????????????????????????? | +----------------------------------------------------+ Best States ------------- Heat Dissipation 109 Coolant Potential 120 Energy Generation 58 Energy Capacity 700 Matter Stores 800 Matter Capacity 800 Sight Range 20 Robot Scan Range 22 Terrain Scan Range 20 Terrain Scan Density 10 Power Amplification 40 Armor Coverage 2850 Resistance: KI 30 Resistance: TH 50 Resistance: EX 30 Resistance: EM 75 Resistance: I 30 Resistance: S 30 Resistance: P 30 Core Shielding 30 Weapon Shielding 100 Point Defense Rating 160 Reclamation Efficiency 15 Weapon Cycling 15 Phase Shifting 5 Evasion (%) 56 Targeting Accuracy 24 Target Analysis 12 Core Analysis 15 Armor Integrity Analysis 66 Recoil Reduction 6 Energy Filtering 50 Kinecelleration 40 Salvage Targeting 3 Item Schematics ----------------- None Robot Schematics ------------------ S-27 Virus | -6/Extension | Z-intel L-41 Fighter | -6/Extension | Z-intel M-22 Extractor | -6/Extension | Z-intel E-15 Imp | -6/Extension | Z-intel A-02 Transporter | -6/Extension | Z-intel T-07 Excavator | -6/Hub_04(d) | Z-intel D-53 Grenadier | -6/Hub_04(d) | Z-intel R-06 Scavenger | -6/Hub_04(d) | Z-intel A-15 Conveyor | -6/Hub_04(d) | Z-intel Fabricated ------------ Nothing Alien Tech Used ----------------- Core Expander Achievements -------------- Generalissimo Gun Specialist Challenges ------------ None Game ------ Seed SniperDiametricSword Manual? 0 Play Time 04:50:38 Cumulative 237.8 hours Start 2021.06.28 @ 14:49:34 End 2021.06.29 @ 16:26:17 Sessions 7 Manual Loads 0 Difficulty Rogue Special Mode None Game No. 128 Rogue 126 Adventurer 1 Explorer 1 Win Type - Total 3 Types 2/0/1/0/0/0/0/0/0 Lore% 67 Gallery% 80 Achievement% 59 Wizard Run 0 Options --------- ASCII 0 Keyboard 1 Movement Numpad Keybinds 1 Fullscreen 1 Font 24/Terminus Map View 76x50 Tactical HUD 1 Map Filters NONE Filters NONE Steam 1 RUN: 239a02b0-f726-4987-b9a4-ecbc401d0ba4